 Dungeon Crawl Stone Soup version 0.26-a0-591-g04f19ec95a (webtiles) character file.

Game seed: 575506191978264363

669 GeoCrane the Carver (level 7, 0/96 HPs)
             Began as a Minotaur Fighter on Aug 24, 2020.
             Slain by an ogre
             ... wielding a +0 giant club
              (14 damage)
             ... on level 5 of the Dungeon.
             The game lasted 00:11:02 (4881 turns).

GeoCrane the Carver (Minotaur Fighter)              Turns: 4881, Time: 00:11:02

Health: 0/96       AC: 23    Str: 20 (22) XL:     7   Next: 32%
Magic:  6/6        EV:  2    Int:  4 (5)  God:
Gold:   147        SH: 10    Dex:  8 (10) Spells: 6/6 levels left

rFire    . . .     SeeInvis .   a - +0 long sword
rCold    . . .     Faith    .   c - +1 kite shield
rNeg     + + +     Spirit   .   (armour currently unavailable)
rPois    +         Reflect  .   (helmet currently unavailable)
rElec    .         Harm     .   (cloak currently unavailable)
rCorr    .         NoTele   +   (gloves currently unavailable)
MR       .....                  (boots currently unavailable)
Stlth    +.........             (no amulet)
HPRegen  0.26/turn              u - ring of wizardry
MPRegen  0.10/turn              (no ring)

@: tree-form
A: (retaliatory headbutt)
a: no special abilities


You were on level 5 of the Dungeon.
You were a tree.
You visited 2 branches of the dungeon, and saw 6 of its levels.

You collected 147 gold pieces.

Inventory:

Hand Weapons
 a - a +0 long sword (weapon)
Missiles
 v - 22 poisoned darts (quivered)
Armour
 b - a +0 scale mail (melded)
 c - a +1 kite shield (worn)
Jewellery
 g - an uncursed ring of wizardry
 u - a ring of wizardry (left branch)
Wands
 d - a wand of polymorph (12)
 q - a wand of digging (4)
Scrolls
 i - a scroll of enchant armour
 k - a scroll of fear
 s - a scroll of remove curse
Potions
 e - 2 potions of stabbing
 f - 2 potions of brilliance
 j - 2 potions of ambrosia {unknown}
 l - a potion of haste
 m - 2 potions of magic {unknown}
 n - 2 potions of degeneration
 p - a potion of curing


   Skills:
 + Level 6.5 Fighting
 * Level 8.2 Long Blades
 - Level 3.6 Armour
 - Level 3.6 Shields


You had 6 spell levels left.
You didn't know any spells.
Your spell library was empty.

Dungeon Overview and Level Annotations

Branches:
Dungeon (5/15)             Temple (1/1) D:5

Altars:
Ashenzari
Gozag
Hepliaklqana
Kikubaaqudgha
Makhleb
Nemelex Xobeh
Qazlal
Sif Muna
Uskayaw
Vehumet
Wu Jian
Yredelemnul
Zin


Innate Abilities, Weirdness & Mutations

((You reflexively headbutt those who attack you in melee.))
((You have a pair of horns on your head.))


Message History

You slash the ogre!
The ogre is almost dead.
You block the orc priest's attack. The ogre hits you with a +0 giant club.
* * * LOW HITPOINT WARNING * * *
The giant cockroach completely misses you.
The ogre hits you with a +0 giant club!
* * * LOW HITPOINT WARNING * * *
You slash the orc priest!
The orc priest is almost dead.
The giant cockroach barely misses you.
The orc priest hits you but does no damage.
The ogre completely misses you. The ogre barely misses you.
The giant cockroach bites you but does no damage.
The orc priest hits you with a +0 dagger.
* * * LOW HITPOINT WARNING * * *
You slash the orc priest!
You kill the orc priest!
You block the giant cockroach's attack. You block the ogre's attack.
The ogre hits you with a +0 giant club!
You die...

#.## *,...,**,,,,,,,,,,,,**,*
#..####.#,,#...........#,,*,**
..≈≈≈...#.*,.#.........#*,*,,****
.≈≈§≈≈..#..,,..........#*,,,,,,,,
§≈≈§≈§≈.#*#.,#.........#**,,,,,,,
§§≈>§§≈.# #..#.........#*,,,,,,,,
≈≈≈≈§≈≈.# *.......(....#*,,,,,,,,
.≈§≈≈≈..###.##...s.....##,,,,,,,,
..≈≈≈..........O♣O)......,,,,,,,,
...........######)######*,,,,,,,,
##)....####* #...# **,,,,,,,
..).......# ###.### **,,,,,,
..........# #...# *******
.)........# ###.# ..........####
#.## #.#######....# #..# #.#
####.##### ##.####


You could see 2 ogres and a giant cockroach.

Vanquished Creatures
  Blork the orc (D:4)
  2 scorpions (D:4)
  A howler monkey (D:4)
  A hound (D:4)
  2 orc priests
  A gnoll shaman (D:4)
  3 orc wizards
  Jessica (D:3)
  A worker ant (D:4)
  7 adders
  4 gnolls (D:4)
  A shadow imp (D:4)
  4 worms
  2 dart slugs
  2 leopard geckos (D:3)
  13 orcs
  10 bats
  6 giant cockroaches
  11 goblins
  15 hobgoblins
  8 kobolds
  A quokka (D:4)
  A ball python (D:3)
  8 frilled lizards
  12 rats
118 creatures vanquished.

Notes
Turn   | Place    | Note
-------+----------+-------------------------------------------
     0 | D:1      | GeoCrane the Minotaur Fighter began the quest for the Orb.
     0 | D:1      | Reached XP level 1. HP: 19/19 MP: 0/0
   178 | D:1      | Reached skill level 3 in Long Blades
   256 | D:1      | Reached XP level 2. HP: 25/27 MP: 1/1
   830 | D:1      | Reached XP level 3. HP: 29/33 MP: 2/2
  1136 | D:2      | Reached skill level 4 in Long Blades
  1519 | D:2      | Reached XP level 4. HP: 33/41 MP: 3/3
  1867 | D:3      | Noticed Jessica
  1882 | D:3      | Killed Jessica
  1882 | D:3      | Reached skill level 5 in Long Blades
  2048 | D:3      | Reached skill level 5 in Fighting
  2048 | D:3      | Reached XP level 5. HP: 10/48 MP: 4/4
  2067 | D:3      | HP: 2/48 [poisoned by an orc wizard]
  2679 | D:3      | Reached skill level 6 in Long Blades
  3118 | D:4      | Reached XP level 6. HP: 56/56 MP: 5/5
  3404 | D:4      | Found a basalt altar of Yredelemnul.
  3595 | D:4      | Reached skill level 7 in Long Blades
  3699 | D:4      | Found a sparkling altar of Nemelex Xobeh.
  3765 | D:4      | Noticed Blork the orc
  3773 | D:4      | Killed Blork the orc
  3849 | D:4      | Reached XP level 7. HP: 63/63 MP: 6/6
  4092 | D:4      | Found an ornate altar of the Wu Jian Council.
  4110 | D:4      | Reached skill level 8 in Long Blades
  4551 | D:5      | Entered Level 5 of the Dungeon
  4712 | D:5      | Found a staircase to the Ecumenical Temple.
  4725 | Temple   | Entered the Ecumenical Temple
  4881 | D:5      | Slain by an ogre

Illustrated notes

Levels and vault maps discovered:
D:1:      mrwooster_arrival_arrow, layout_loops_corners
D:2:      layout_basic
D:3:      layout_basic, uniq_jessica
D:4:      layout_basic, old_standard_altar, nemelex_altar_shiori,
          kennysheep_mini_moat, uniq_blork_the_orc
D:5:      layout_rooms, minmay_temple_entry_mist
Temple:   cyrus_temple_forest

Skill      XL: |  1  2  3  4  5  6  7 |
---------------+----------------------+-----
Long Blades    | 3 4 5 6 7 8 |  8.2
Fighting       | 4 5 6 |  6.5
Armour         | |  3.6
Shields        | |  3.6

Action                   |  1- 3 |  4- 6 |  7- 9 || total
-------------------------+-------+-------+-------++-------
Melee: Long sword        |   104 |   154 |    31 ||   289
       Headbutt          |    16 |    23 |     5 ||    44
  Use: Potion            |       |     3 |     3 ||     6
       Scroll            |       |       |     8 ||     8
Armor: Scale mail        |    38 |    51 |     9 ||    98
       Skin              |       |       |     7 ||     7
Dodge: Dodged            |    30 |    35 |    11 ||    76
Block: Kite shield       |    45 |    83 |    13 ||   141
       Rpst.: Long sword |     8 |     7 |     1 ||    16

Table legend: (Time is in decaauts)
 A = Elapsed time spent in this place.
 B = Non-inter-level travel time spent in this place.
 C = Inter-level travel time spent in this place.
 D = Time resting spent in this place.
 E = Time spent auto-exploring this place.
 F = Levels seen in this place.
 G = Mean time per level.
                   A        B        C        D        E       F      G
               +--------+--------+--------+--------+--------+-----+--------+
         Total |   4931 |   4795 |    136 |    689 |   3353 |   6 |  821.8 |
       Dungeon |   4835 |   4742 |     93 |    689 |   3300 |   5 |  967.0 |
        Temple |     96 |     53 |     43 |      0 |     53 |   1 |   96.0 |
               +--------+--------+--------+--------+--------+-----+--------+

Top non-repeatable levels by time:
     D:4: 1666 daAuts
     D:1: 1116 daAuts
     D:2: 1023 daAuts
     D:3: 899 daAuts
     D:5: 128 daAuts
  Temple: 96 daAuts
